 Dungeon Crawl Stone Soup version 0.20.1-1-g8b1a95d (webtiles) character file.

114 Nattfarinn the Stinger (level 4, -3/36 HPs)
             Began as a Naga Venom Mage on Sept 29, 2017.
             Slain by Nattfarinn's ghost (4 damage)
             ... in a sewer.
             The game lasted 00:08:22 (2580 turns).

Nattfarinn the Stinger (Naga Venom Mage)            Turns: 2580, Time: 00:08:23

Health: -3/36      AC:  2    Str: 10    XL:     4   Next: 97%
Magic:  8/8        EV: 10    Int: 16    God:
Gold:   120        SH:  0    Dex: 12    Spells: 7/8 levels left

rFire    . . .     SeeInvis +   d - +1 whip (venom)
rCold    . . .     Gourm    .   (no shield)
rNeg     + . .     Faith    .   j - +0 robe {rN+}
rPois    +         Spirit   .   (no helmet)
rElec    .         Reflect  .   (no cloak)
rCorr    .         Harm     .   (no gloves)
MR       .....                  (no barding)
Stlth    ++........             (no amulet)
Regen    0.2/turn               (no ring)
MPRegen  0.2/turn               (no ring)

@: short of breath, flying, very slow
A: see invisible, deformed body, poison resistance, slowness 2, slow metabolism
1, spit poison 1, AC +1
a: Spit Poison


You were in a sewer.
You were hungry.

You visited 1 branch of the dungeon, and saw 3 of its levels.
You also visited: Sewer.

You collected 120 gold pieces.

Inventory:

Hand Weapons
 d - a +1 whip of venom (weapon)
 q - a +0 blowgun
Missiles
 e - 42 arrows
 r - 11 poisoned needles
Armour
 a - a +0 robe
 j - a +0 robe of positive energy (worn)
 l - a +0 chain mail
Scrolls
 n - a scroll of identify {unknown}
 o - a scroll of remove curse
 p - 2 scrolls of teleportation {unknown}
Potions
 g - a potion of mutation {unknown}
 i - 5 potions of curing
 k - a potion of invisibility {unknown}
 m - a potion of flight
Books
 b - a Young Poisoner's Handbook

   Spells                             Type                      Level
   a - Sting                          Conjuration/Poison           1
   b - Poisonous Vapours              Poison/Air                   2
   c - Mephitic Cloud                 Conjuration/Poison/Air       3
   d - Olgreb's Toxic Radiance        Poison                       4
   e - Venom Bolt                     Conjuration/Poison           5
Comestibles
 c - 2 bread rations
 f - 2 meat rations
 h - a royal jelly


   Skills:
 + Level 1.4 Maces & Flails
 - Level 1.5 Dodging
 - Level 3.0 Stealth
 + Level 2.9 Spellcasting
 - Level 1.0 Conjurations
 + Level 6.1 Poison Magic


You had 7 spell levels left.
You knew the following spells:

 Your Spells              Type           Power        Failure   Level  Hunger
a - Sting                 Conj/Pois      ##..         4%          1    #......


Dungeon Overview and Level Annotations

Branches:
Dungeon (3/15)

Altars:
Elyvilon
Qazlal

Annotations:
Sewer Nattfarinn's ghost, amateur GrBe


Innate Abilities, Weirdness & Mutations

You cannot wear boots.
Your serpentine skin is tough. (AC +1)
You have supernaturally acute eyesight. (SInv)
Armour fits poorly on your strangely shaped body.
Your system is resistant to poisons. (rPois)
You cover ground very slowly.
You have a slow metabolism.
You can spit poison.


Message History

Nattfarinn's ghost barely misses you.
You hit Nattfarinn's ghost but do no damage.
Nattfarinn's ghost hits you.
You closely miss Nattfarinn's ghost. Nattfarinn's ghost hits you!
You miss Nattfarinn's ghost.
You have got your breath back.
Nattfarinn's ghost hits you.
Okay, then.
Press: ? - help, Shift-Dir - straight line, f/p - Nattfarinn's ghost
Aim: Nattfarinn's ghost The splash of poison hits Nattfarinn's ghost.
Nattfarinn's ghost appears unharmed.
You feel slightly more hungry. Nattfarinn's ghost hits you!
* * * LOW HITPOINT WARNING * * *
It was a potion of curing.
You feel better. Nattfarinn's ghost hits you!
* * * LOW HITPOINT WARNING * * *
It was a potion of flight.
You feel very buoyant.
You fly up into the air.
Nattfarinn's ghost hits you.
You die...

. ##..≈##
≈≈≈.####.....#
≈∩..≈≈≈≈.≈...#
≈...####≈....# .≈
##.≈.## #≈# ##≈##
#≈# #≈# #≈# #W# #≈#
#@# ##≈## ##≈## #
##.≈.## ##...##
#####≈...≈####.†≈..#
≈≈≈≈≈≈≈...≈≈≈≈≈≈.≈≈#
#####..≈≈≈####.≈..≈#
# ##...## ##≈≈.##
##≈## ##### #≈#


You could see Nattfarinn's ghost.

Vanquished Creatures
  4 adders
  An ooze (Sewer)
  5 worms
  3 dart slugs
  2 leopard geckos (D:1)
  An orc (D:3)
  5 ball pythons
  4 bats
  3 giant cockroaches
  2 goblins (D:2)
  5 hobgoblins
  2 jackals (D:2)
  A frilled lizard (D:2)
  5 kobolds
  10 rats
53 creatures vanquished.

Notes
Turn   | Place    | Note
-------+----------+-------------------------------------------
     0 | D:1      | Nattfarinn the Naga Venom Mage began the quest for the Orb.
     0 | D:1      | Reached XP level 1. HP: 15/15 MP: 3/3
   172 | D:1      | Reached XP level 2. HP: 22/22 MP: 3/5
   636 | D:1      | Reached skill level 5 in Poison Magic
   807 | D:2      | Reached XP level 3. HP: 7/28 MP: 6/6
  1456 | D:2      | Found a white marble altar of Elyvilon.
  1608 | D:2      | Found a stormy altar of Qazlal.
  1877 | D:2      | Reached XP level 4. HP: 36/36 MP: 5/7
  2127 | D:3      | Found a glowing drain.
  2181 | Sewer    | Entered a sewer
  2277 | Sewer    | Reached skill level 6 in Poison Magic
  2282 | Sewer    | Reached skill level 1 in Maces & Flails
  2566 | Sewer    | Noticed Nattfarinn's ghost (amateur GrBe)
  2579 | Sewer    | HP: 1/36 [Nattfarinn's ghost (15)]
  2580 | Sewer    | Slain by Nattfarinn's ghost

Skill      XL: |  1  2  3  4 |
---------------+-------------+-----
Poison Magic   | 5 6 |  6.1
Maces & Flails | 1 |  1.4
Dodging        | |  1.5
Stealth        | |  3.0
Spellcasting   | |  2.9
Conjurations   | |  1.0

Action                   |  1- 3 |  4- 6 || total
-------------------------+-------+-------++-------
Melee: Whip              |    69 |    44 ||   113
 Cast: Sting             |    35 |    29 ||    64
 Abil: Spit Poison       |       |     2 ||     2
  Use: Scroll            |     3 |       ||     3
       Potion            |       |     2 ||     2
  Eat: Chunk             |     2 |     2 ||     4
Armor: Chain mail        |    30 |       ||    30
       Robe              |     2 |    14 ||    16
Dodge: Dodged            |    24 |    33 ||    57
